 Dungeon Crawl Stone Soup version 0.31-a0-1104-g3bd3108e02 (webtiles) character file.

Game seed: 17430899814290868585

877 inmateoo the Ruffian (level 8, -2/61 HPs)
             Began as a Merfolk Fighter on Dec 2, 2023.
             Slain by an ogre
             ... wielding a +0 giant spiked club
              (25 damage)
             ... on level 5 of the Dungeon.
             The game lasted 00:02:48 (4186 turns).

inmateoo the Ruffian (Merfolk Fighter)              Turns: 4186, Time: 00:02:49

Health: -2/61      AC:  8    Str: 25    XL:     8   Next: 4%
Magic:  8/8        EV: 11    Int:  7    God:
Gold:   104        SH:  7    Dex: 14    Spells: 7/7 levels left

rFire   . .          .
                       - Unarmed
rCold   . . .        o - +2 buckler
rNeg    . . .        a - +0 scale mail
rPois   .            g - +0 helmet
rElec   .            (no cloak)
rCorr   .            (no gloves)
SInv    +            (no boots)
Will    .....        b - amulet of Wopuf {Acrobat Str+7 SInv} Stlth
                     k - ring of flight
HPRegen 0.30/turn    (no ring)
MPRegen 0.11/turn

%: acrobat
@: flying
A: (nimble swimmer 2), mertail
a: no special abilities


You were on level 5 of the Dungeon.
You visited 1 branch of the dungeon, and saw 5 of its levels.

You collected 104 gold pieces.

Inventory:

Armour
 a - a +0 scale mail (worn)
 g - a +0 helmet (worn)
 o - a +2 buckler (worn)
Jewellery
 b - the amulet of Wopuf (around neck) {Acrobat Str+7 SInv}
   (You acquired it on level 3 of the Dungeon)

   [amulet of the acrobat]

   Acrobat:   It increases your evasion while moving and waiting.
   Str+7:     It affects your strength (+7).
   SInv:      It lets you see invisible.
 k - a ring of flight (left hand)
Talismans
 h - a talisman of death
Wands
 p - a wand of flame (43)
Scrolls
 c - a scroll of vulnerability {unknown}
 e - 2 scrolls of fog
 n - a scroll of teleportation
 r - a scroll of blinking
Potions
 d - a potion of magic
 f - 2 potions of berserk rage {unknown}
 i - a potion of enlightenment {unknown}
 j - 2 potions of haste {unknown}
 l - a potion of degeneration {unknown}
 m - 3 potions of curing {unknown}
 q - 2 potions of lignification {unknown}
 s - a potion of attraction {unknown}
 u - 2 potions of brilliance {unknown}


   Skills:
 + Level 4.9 Fighting
 + Level 3.3 Armour
 + Level 4.1 Dodging
 + Level 4.4 Shields
 * Level 5.5 Unarmed Combat
 + Level 3.7 Shapeshifting


You had 7 spell levels left.
You didn't know any spells.
Your spell library contained the following spells:

 Spells                   Type           Power      Damage    Failure   Level
 Summon Small Mammal      Summ           0%         N/A       78%         1
 Ensorcelled Hibernation  Hex/Ice        0%         N/A       89%         2
 Passwall                 Tmut/Erth      0%         N/A       89%         2
 Call Canine Familiar     Summ           0%         N/A       98%         3
 Summon Guardian Golem    Hex/Summ       0%         N/A       98%         3
 Swiftness                Air            0%         N/A       98%         3
 Animate Dead             Necr           0%         N/A       100%        4
 Borgnjor's Vile Clutch   Necr/Erth      0%         N/A       100%        5
 Death Channel            Necr           0%         N/A       100%        6


Dungeon Overview and Level Annotations

Branches:
Dungeon (5/15)
 Temple: D:4-7

Altars:
Qazlal


Innate Abilities, Weirdness & Mutations

((You are very nimble when in or above water. (Stealth+, EV+, Speed+++)))
Your lower body shifts to a powerful aquatic tail in water.


Message History

The iguana is moderately wounded.
The iguana bites you but does no damage.
An iguana is nearby!
You punch the iguana!
You kill the iguana!
You have reached level 8!
You now have 104 gold pieces (gained 17).
Found a ring mail.
No target in view!
You see here a +0 ring mail.
A jelly comes into view.
The jelly quivers.
A jelly is nearby!
You block the jelly's attack.
A jelly is nearby!
You punch the jelly!
Your hands burn!
The jelly is moderately wounded.
The jelly barely misses you.
A jelly is nearby!
You punch the jelly!
You kill the jelly!
Found a falchion.
No target in view!
An ogre comes into view. It is wielding a +0 giant spiked club.
Found 7 gold pieces.
An ogre is nearby!
An ogre is nearby!
The ogre hits you with a +0 giant spiked club!!
You punch the ogre!
The ogre is moderately wounded.
The ogre hits you with a +0 giant spiked club!!
You are too injured to fight recklessly!
You are too injured to fight recklessly!
You punch the ogre!
The ogre is severely wounded.
You are too injured to fight recklessly!
You barely miss the ogre.
The ogre is severely wounded.
The ogre hits you with a +0 giant spiked club!!
You die...

..## ##............
...# ##..##.....###
...#####.[####...##
.....##..## #...#
.........# ###..##
###.....## #$##..#
##...## #.....##
##....#
#......###..
##.....##
##..@.......
#.......#
#..O.......
........###
##.........
.....#....##
#.....)...
#...........
#.........
#...........
..........
##..........
..........
##.........#
...........
............


You could see an ogre.

Vanquished Creatures
  Eustachio (D:4)
  An ice beast (D:5)
  2 centaurs (D:5)
  An ogre (D:5)
  3 hounds (D:4)
  2 jellies
  4 iguanas
  An orc wizard (D:5)
  2 adders (D:2)
  A white imp (D:5)
  2 adder skeletons (D:2)
  A worm (D:2)
  7 dart slugs
  4 orcs
  A bat skeleton (D:2)
  4 endoplasms
  2 giant cockroaches
  4 goblins
  10 hobgoblins
  5 quokkas
  8 ball pythons
  5 bats (D:1)
  A frilled lizard (D:2)
  6 kobolds
  A quokka skeleton (D:2)
  4 rats
83 creatures vanquished.

Notes
Turn   | Place    | Note
-------+----------+-------------------------------------------
     0 | D:1      | inmateoo the Merfolk Fighter began the quest for the Orb.
     0 | D:1      | Reached XP level 1. HP: 18/18 MP: 1/1
    75 | D:1      | Reached XP level 2. HP: 22/24 MP: 2/2
   128 | D:1      | Found a faded altar of an unknown god.
   281 | D:1      | Reached skill level 1 in Dodging
   484 | D:1      | Reached XP level 3. HP: 24/29 MP: 3/3
   519 | D:1      | Reached skill level 1 in Shapeshifting
  1414 | D:2      | Reached skill level 3 in Unarmed Combat
  1435 | D:2      | Reached XP level 4. HP: 36/36 MP: 4/4
  2795 | D:3      | Identified a scroll of acquirement
  2795 | D:3      | Acquired the amulet of Wopuf {Acrobat Str+7 SInv}
  2846 | D:4      | Reached XP level 5. HP: 42/42 MP: 5/5
  3225 | D:4      | Noticed Eustachio
  3235 | D:4      | Reached XP level 6. HP: 44/48 MP: 6/6
  3245 | D:4      | Reached skill level 4 in Unarmed Combat
  3259 | D:4      | Killed Eustachio
  3543 | D:4      | Reached XP level 7. HP: 55/55 MP: 7/7
  3667 | D:5      | Entered Level 5 of the Dungeon
  3667 | D:5      | Found a stormy altar of Qazlal.
  3813 | D:5      | Reached skill level 5 in Unarmed Combat
  4140 | D:5      | Reached XP level 8. HP: 56/61 MP: 8/8
  4186 | D:5      | Slain by an ogre

Illustrated notes

Levels and vault maps discovered:
D:1:      roderic_crop_circles_arrival_small, layout_loops_corners,
          hellmonk_ecumenical_altar_pennies_from_heaven,
          grunt_decor_mini_mirrors
D:2:      layout_loops_corners, serial_undead, serial_undead_c, serial_undead_b,
          serial_undead_b, serial_undead_d
D:3:      layout_basic
D:4:      layout_loops_cross, uniq_eustachio
D:5:      layout_layer_cave, grunt_qazlal_sundering, uniq_duvessa

Skill      XL: |  1  2  3  4  5  6  7 |
---------------+----------------------+-----
Dodging        | 1 2 3 4 |  4.1
Shapeshifting  | 1 2 3 |  3.7
Unarmed Combat | 3 4 5 |  5.5
Fighting       | 4 |  4.9
Armour         | 3 |  3.3
Shields        | 4 |  4.4

Action                     |  1- 3 |  4- 6 |  7- 9 || total
---------------------------+-------+-------+-------++-------
  Melee: Unarmed           |   136 |   180 |    62 ||   378
    Use: Scroll            |     3 |     5 |       ||     8
         Potion            |       |     1 |       ||     1
 Armour: Scale mail        |    71 |    66 |    41 ||   178
  Dodge: Dodged            |    64 |    61 |    28 ||   153
  Block: Buckler           |    14 |    62 |    21 ||    97

Table legend: (Time is in decaauts)
 A = Elapsed time spent in this place.
 B = Non-inter-level travel time spent in this place.
 C = Inter-level travel time spent in this place.
 D = Time resting spent in this place.
 E = Time spent auto-exploring this place.
 F = Levels seen in this place.
 G = Mean time per level.
                   A        B        C        D        E       F      G
               +--------+--------+--------+--------+--------+-----+--------+
         Total |   4173 |   4045 |    128 |    680 |   2670 |   5 |  834.6 |
       Dungeon |   4173 |   4045 |    128 |    680 |   2670 |   5 |  834.6 |
               +--------+--------+--------+--------+--------+-----+--------+

Top non-repeatable levels by time:
     D:2: 993 daAuts
     D:1: 926 daAuts
     D:3: 906 daAuts
     D:4: 903 daAuts
     D:5: 444 daAuts
